 Dungeon Crawl Stone Soup version 0.32-a0-290-g598725c5f2 (webtiles) character file.

Game seed: 10117022219432759365

8 Bravepunisher the Ducker (level 2, 0/16 HPs)
             Began as a Spriggan Monk on Feb 13, 2024.
             Was a Believer of Makhleb.
             Slain by a water moccasin (3 damage)
             ... on level 5 of the Dungeon.
             The game lasted 00:02:08 (247 turns).

Bravepunisher the Ducker (Spriggan Monk)             Turns: 247, Time: 00:02:08

Health: 0/16       AC:  2    Str: 13    XL:     2   Next: 0%
Magic:  3/3        EV: 19    Int: 11    God:    Makhleb [**....]
Gold:   6          SH:  0    Dex: 17    Spells: 1/1 levels left

rFire   . . .        a - +0 short sword
rCold   . . .        (no shield)
rNeg    . . .        b - +0 robe
rPois   .            (helmet restricted)
rElec   .            (no cloak)
rCorr   .            (gloves unavailable)
SInv    +            (boots unavailable)
Will    .....        (no amulet)
Stlth   +            d - +6 ring of strength
HPRegen 0.22/turn    (no ring)
MPRegen 0.08/turn

%: no passive effects
@: confused, lethally poisoned (0 -> -13), ambrosia-drunk, very quick
A: very small, no large weapons, unfitting armour, see invisible, speed 3
a: Renounce Religion, Minor Destruction


You were on level 5 of the Dungeon.
You worshipped Makhleb.
Makhleb was pleased with you.
You visited 2 branches of the dungeon, and saw 6 of its levels.

You collected 6 gold pieces.

Inventory:

Hand Weapons
 a - a +0 short sword (weapon)
Armour
 b - a +0 robe (worn)
 e - a +2 hat
Jewellery
 d - a +6 ring of strength (left hand)
Wands
 f - a wand of polymorph (5)


   Skills:
 - Level 2.6 Fighting
 - Level 3.2 Short Blades
 - Level 4.5 Dodging
 * Level 0.0 Invocations


You had one spell level left.
You didn't know any spells.
Your spell library was empty.

Dungeon Overview and Level Annotations

Branches:
Dungeon (5/15)             Temple (1/1) D:5

Altars:
Ashenzari
Elyvilon
Fedhas
Gozag
Hepliaklqana
Kikubaaqudgha
Makhleb
Nemelex Xobeh
Okawaru
Ru
Sif Muna
Trog
Uskayaw
Vehumet
Yredelemnul
Zin
The Shining One

Shops:
D:4 (


Innate Abilities, Weirdness & Mutations

You are very small and have problems with some larger weapons.
You are too small for most types of armour.
You have supernaturally acute eyesight. (SInv)
You cover ground extremely quickly. (Speed+++)


Message History

Found an encrusted steel ring.
Found a staircase to the Ecumenical Temple.
The jackal attacks as it pursues you! The jackal bites you.
Found a leather armour.
There is a staircase to the Ecumenical Temple here.
The scorpion closely misses you.
You climb downwards.
Welcome to the Ecumenical Temple!
Found five altars.
Found a staircase back to the Dungeon.
There is a staircase back to the Dungeon here.
Found a sparkling altar of Nemelex Xobeh and an opulent altar of Gozag.
The scorpion attacks as it pursues you!
The scorpion stings you but does no damage.
Found a basalt altar of Yredelemnul.
Found a burning altar of Makhleb.
You enter the shallow water.
Moving in this stuff is going to be slow.
There is a burning altar of Makhleb here.
You kneel at the altar of Makhleb.
Makhleb welcomes you!
You can now gain health from killing.
You can now harness Makhleb's destructive might.
The scorpion misses you.
Found a shimmering blue altar of Sif Muna.
The scorpion attacks as it pursues you! The scorpion completely misses you.
There is a staircase back to the Dungeon here.
You climb upwards.
Welcome back to the Dungeon!
The jackal closely misses you. The iguana misses you. The jackal bites you.
The iguana bites you.
There is a staircase to the Ecumenical Temple here.
Unknown command.
The water moccasin bites you.
* * * LOW HITPOINT WARNING * * *
You are lethally poisoned!
The water moccasin poisons you!
Unknown command.
You are confused.
You feel invigorated.
* * * LOW HITPOINT WARNING * * *
You feel very sick. The water moccasin bites you.
You die...

#.................#
#.................#
#..........<.......
#..................
#...........S.....
#..#...#..########
###...#.#..##
[.....lhS..#
......#@#..#
.....#...#.#
....=......#
..........?#
.....##...## ##...
##.## #.. .# #.. .#


You could see a water moccasin, an iguana and a jackal.

Vanquished Creatures
  A ball python (D:4)
  A hobgoblin (D:2)
  2 jackals (D:4)
4 creatures vanquished.

Notes
Turn   | Place    | Note
-------+----------+-------------------------------------------
     0 | D:1      | Bravepunisher the Spriggan Monk began the quest for the
                  | Orb.
     0 | D:1      | Reached XP level 1. HP: 11/11 MP: 2/2
    36 | D:1      | Found a faded altar of an unknown god.
    38 | D:1      | Noticed a glass eye
    39 | D:1      | Noticed a shining eye
    39 | D:1      | Noticed a shining eye
    39 | D:1      | Noticed an eye of devastation
   145 | D:3      | Identified the staff of Luxury {rN+ Int+6 Dex-4 Necro}
   155 | D:4      | Found Zupuhada's Weapon Shop.
   198 | D:4      | Reached XP level 2. HP: 12/16 MP: 3/3
   202 | D:4      | Noticed a howler monkey
   217 | D:5      | Entered Level 5 of the Dungeon
   217 | D:5      | Noticed a scorpion
   217 | D:5      | Noticed a water moccasin
   220 | D:5      | Found a staircase to the Ecumenical Temple.
   225 | Temple   | Entered the Ecumenical Temple
   234 | Temple   | Became a worshipper of Makhleb the Destroyer
   234 | Temple   | Reached * piety under Makhleb
   234 | Temple   | Reached ** piety under Makhleb
   247 | D:5      | Slain by a water moccasin

Illustrated notes

Levels and vault maps discovered:
D:1:      eino_arrival_cavern_c, layout_rooms,
          hellmonk_ecumenical_altar_watching_god
D:2:      layout_basic
D:3:      layout_loops_ring, gammafunk_ghost_necromancy, minmay_joined_circles
D:4:      kennysheep_slugbush, layout_basic, nicolae_qazlal_eye_of_the_storm,
          serial_shops, nicolae_shop_temple_entry_statues_fountains
D:5:      layout_basic, lemuel_coloured_pillars_altar,
          minmay_temple_entry_crystal_x
Temple:   nicolae_temple_bog_church

Action                     || total
---------------------------++-------
  Melee: Short sword       ||    14
    Use: Potion            ||     1
 Armour: Robe              ||    10
  Dodge: Dodged            ||    33

Table legend: (Time is in decaauts)
 A = Elapsed time spent in this place.
 B = Non-inter-level travel time spent in this place.
 C = Inter-level travel time spent in this place.
 D = Time resting spent in this place.
 E = Time spent auto-exploring this place.
 F = Levels seen in this place.
 G = Mean time per level.
                   A        B        C        D        E       F      G
               +--------+--------+--------+--------+--------+-----+--------+
         Total |    160 |    160 |      0 |      0 |     18 |   6 |   26.7 |
       Dungeon |    147 |    147 |      0 |      0 |     18 |   5 |   29.4 |
        Temple |     13 |     13 |      0 |      0 |      0 |   1 |   13.0 |
               +--------+--------+--------+--------+--------+-----+--------+

Top non-repeatable levels by time:
     D:2: 54 daAuts
     D:4: 43 daAuts
     D:1: 34 daAuts
  Temple: 13 daAuts
     D:3: 7 daAuts
     D:5: 7 daAuts
